 Dungeon Crawl Stone Soup version 0.31-a0-152-g6aa68a64a1 (webtiles) character file.

Game seed: 11979894849528936983

6801 qw the Skirmisher (level 11, -4/71 HPs)
             Began as a Gargoyle Hunter on June 10, 2023.
             Was an Initiate of Okawaru.
             Slain by a torpor snail (11 damage)
             ... on level 9 of the Dungeon.
             The game lasted 00:04:41 (9151 turns).

qw the Skirmisher (Gargoyle Hunter)                 Turns: 9151, Time: 00:04:41

Health: -4/71      AC: 14    Str: 15    XL:     11   Next: 5%
Magic:  14/14      EV: 18    Int: 10    God:    Okawaru [......]
Gold:   667        SH:  5    Dex: 17    Spells: 10/10 levels left

rFire   + . .        g - +0 orcbow
rCold   . . .        (shield currently unavailable)
rNeg    + . .        e - +2 leather armour {rF+}
rPois   inf          (no helmet)
rElec   +            p - +0 cloak
rCorr   .            (no gloves)
SInv    .            (no boots)
Will    +....        j - amulet of reflection
Stlth   ++           a - +5 ring of evasion
HPRegen 0.31/turn    q - ring of willpower
MPRegen 0.14/turn

%: reflection
@: slowed, very slow
A: sickness immunity, AC +8, negative energy resistance 1, electricity
resistance, torment resistance 1, petrification resistance
a: Renounce Religion


You were on level 9 of the Dungeon.
You worshipped Okawaru.
Okawaru was noncommittal.
You visited 3 branches of the dungeon, and saw 11 of its levels.

You collected 667 gold pieces.


Innate Abilities, Weirdness & Mutations

You are immune to sickness and miasma.
Your stone body is resilient. (AC +8)
You are immune to poison.
You resist negative energy. (rN+)
You are resistant to electric shocks. (rElec)
You are resistant to unholy torment.
You are immune to petrification.


   Skills:
 - Level 9.0 Fighting
 + Level 13.5 Ranged Weapons
 - Level 2.1 Armour
 - Level 4.0 Dodging
 - Level 1.1 Stealth
 - Level 4.0 Invocations


You had 10 spell levels left.
You didn't know any spells.
Your spell library was empty.

Inventory:

Hand Weapons
 g - a +0 orcbow (weapon)
Armour
 e - a +2 leather armour of fire resistance (worn)
 o - a +1 leather armour of cold resistance
 p - a +0 cloak (worn)
 r - +0 acid dragon scales
 s - a +3 ring mail of positive energy
Jewellery
 a - a +5 ring of evasion (left hand)
 j - an amulet of reflection (around neck)
 q - a ring of willpower (right hand)
Scrolls
 c - a scroll of identify
Potions
 d - 5 potions of curing
 f - 2 potions of attraction
 h - 2 potions of haste
 i - 4 potions of might
 m - a potion of lignification
 n - a potion of mutation {unknown}

Dungeon Overview and Level Annotations

Branches:
Dungeon (9/15)             Temple (1/1) D:6            Lair (1/5) D:9
    Orc: D:9-12

Altars:
Ashenzari
Cheibriados
Dithmenos
Elyvilon
Fedhas
Gozag
Hepliaklqana
Kikubaaqudgha
Makhleb
Nemelex Xobeh
Okawaru
Qazlal
Ru
Sif Muna
Trog
Uskayaw
Vehumet
Wu Jian
Xom
Yredelemnul
Zin
The Shining One

Shops:
D:1 [

Annotations:
D:8 3 runed translucent doors, qw's ghost, novice GrFi; qw's ghost, novice GrHu


Message History

The death yak is almost dead.
The death yak completely misses you.
You shoot an arrow. The arrow hits the death yak!
You kill the death yak!
Okawaru accepts your kill.
You have reached level 11!
You shoot an arrow.
The arrow hits the torpor snail but does no damage.
You shoot an arrow. The arrow hits the torpor snail.
The torpor snail is lightly wounded.
You shoot an arrow. The arrow hits the torpor snail!
The torpor snail is moderately wounded.
You shoot an arrow. The arrow hits the torpor snail.
The torpor snail is moderately wounded.
You shoot an arrow. The arrow hits the torpor snail.
The torpor snail is moderately wounded.
You shoot an arrow. The arrow hits the torpor snail.
The torpor snail is moderately wounded.
The torpor snail barely misses you.
You shoot an arrow. The arrow hits the torpor snail!
The torpor snail is heavily wounded.
The torpor snail bites you.
You shoot an arrow. The arrow hits the torpor snail.
The torpor snail is heavily wounded.
The torpor snail bites you but does no damage.
You shoot an arrow.
The arrow hits the torpor snail but does no damage.
The torpor snail is heavily wounded.
The torpor snail misses you.
You shoot an arrow. The arrow hits the torpor snail.
The torpor snail is heavily wounded.
The torpor snail closely misses you.
You shoot an arrow.
The arrow hits the torpor snail but does no damage.
The torpor snail is heavily wounded.
The torpor snail bites you but does no damage.
You shoot an arrow. The arrow hits the torpor snail!
The torpor snail is severely wounded.
The torpor snail bites you!
You die...

#.#....wY.........##.###..#
#.#.##.#..................#
#.#.##......##>##).###....##
#####.#.##.......#.....# #......
#.....[[#[.........>w..###.#..##
#.###.............##............
#.# #####.........##..##.####.##
#.# ##.....w......##.# #... #.#
##....@#####.##.# #.## #.#
##./..# #.##.####.## #.# #..#.#
#.##........ #.##########..).#
#.##......## #.##...........##
#.........<. #....########..#
####.####### ###..#
#..#########.# #..#
#............# #[.#
##.###########


You could see a torpor snail.

Vanquished Creatures
  A death yak (D:9)
  Pikel (D:6)
  Joseph (D:8)
  Maggie (D:6)
  A yak (D:8)
  Grum (D:8)
  Edmund (D:6)
  A water moccasin (D:4)
  3 sky beasts
  9 orc warriors
  An ice beast (D:6)
  4 ogres (D:5)
  2 wolves (D:8)
  A centaur (D:8)
  A phantom (D:6)
  Blork the orc (D:6)
  4 bullfrogs
  5 scorpions
  15 wights
  5 howler monkeys
  A hound (D:4)
  A jelly (D:6)
  10 orc priests
  2 gnoll boudas
  3 sleepcaps
  10 orc wizards
  2 iguanas
  12 gnolls
  11 adders
  2 white imps (D:7)
  An ufetubus (D:4)
  A worm (D:3)
  3 dart slugs
  54 orcs
  5 ball pythons
  A bat (D:1)
  10 endoplasms
  5 giant cockroaches
  6 goblins
  8 hobgoblins
  2 jackals (D:4)
  9 kobolds
  2 quokkas
  3 frilled lizards
  3 rats
226 creatures vanquished.

Vanquished Creatures (others)
  2 wights (D:9)
2 creatures vanquished.

Grand Total: 228 creatures vanquished

Notes
Turn   | Place    | Note
-------+----------+-------------------------------------------
     0 | D:1      | qw the Gargoyle Hunter began the quest for the Orb.
     0 | D:1      | Reached XP level 1. HP: 12/12 MP: 1/1
     0 | D:1      | 0 ||| qw: Version: 0.2-a-29-g767f381
     0 | D:1      | 0 ||| qw: Game counter: 3909
     0 | D:1      | 0 ||| qw: Always use a shield: true
     0 | D:1      | 0 ||| qw: God list: Okawaru
     0 | D:1      | 0 ||| qw: Allow faded altars: false
     0 | D:1      | 0 ||| qw: Do Orc after D:15 true
     0 | D:1      | 0 ||| qw: Do second Lair branch before Depths: true
     0 | D:1      | 0 ||| qw: Lair rune preference: random
     0 | D:1      | 0 ||| qw: Plans: Normal, Zot:1-4, Slime:5, God:TSO, Crypt,
                  | Tomb, Abyss, Pan, Hells, Win
     0 | D:1      | 0 ||| PLANNING D:1-11
   105 | D:1      | Reached XP level 2. HP: 17/17 MP: 2/2
   367 | D:1      | Found Huata's Antique Armour Shoppe.
   375 | D:1      | 375 ||| SHOPLISTING helmet (94 gold, have 31).
   375 | D:1      | 375 ||| SHOPLISTING pair of boots (94 gold, have 31).
   375 | D:1      | 375 ||| SHOPLISTING pair of gloves (94 gold, have 31).
   491 | D:1      | Reached XP level 3. HP: 21/21 MP: 3/3
   549 | D:1      | Reached skill level 5 in Ranged Weapons
   613 | D:1      | 613 ||| READING 2 scrolls labelled JORGHE CIHUMOUM.
   614 | D:1      | 614 ||| DRINKING 2 metallic brown potions.
   615 | D:1      | 615 ||| DROPPING scroll of vulnerability.
   616 | D:1      | 616 ||| DROPPING scroll of butterflies.
   628 | D:2      | 628 ||| STAIRDANCE
   695 | D:2      | Reached skill level 3 in Fighting
  1151 | D:2      | Found a shadowy altar of Dithmenos.
  1202 | D:2      | 1202 ||| UPGRADING to +0 ring mail.
  1212 | D:2      | 1212 ||| DROPPING +0 leather armour.
  1213 | D:2      | 1213 ||| UPGRADING to +5 ring of evasion.
  1214 | D:2      | 1214 ||| READING scroll labelled QUMAKITWOI.
  1215 | D:2      | 1215 ||| READING scroll labelled KAYFIKK BAYFY.
  1324 | D:3      | Reached skill level 1 in Armour
  1324 | D:3      | Reached XP level 4. HP: 28/28 MP: 4/4
  1952 | D:3      | Reached XP level 5. HP: 32/32 MP: 5/5
  2062 | D:3      | 2062 ||| UPGRADING to amulet of reflection.
  2067 | D:3      | 2067 ||| READING scroll labelled ETZAXK QETYRCH.
  2072 | D:3      | 2072 ||| READING scroll labelled ALEYNE YLES.
  2100 | D:4      | 2100 ||| STAIRDANCE
  2106 | D:3      | Reached skill level 6 in Ranged Weapons
  2181 | D:4      | 2181 ||| STAIRDANCE
  2223 | D:4      | Found a bloodstained altar of Trog.
  2364 | D:4      | Noticed a water moccasin
  2387 | D:4      | Killed a water moccasin
  2388 | D:4      | Reached XP level 6. HP: 14/39 MP: 6/6
  2517 | D:4      | Noticed a sky beast
  2528 | D:4      | Killed a sky beast
  2634 | D:4      | Reached skill level 7 in Ranged Weapons
  2634 | D:4      | Reached XP level 7. HP: 43/44 MP: 7/7
  2719 | D:4      | 2719 ||| Stepping ~*~*~tactically~*~*~ (outnumbered).
  2731 | D:4      | 2731 ||| DRINKING 3 potions of curing.
  2731 | D:4      | 2731 ||| (to cure confusion)
  3060 | D:4      | 3060 ||| FLEEEEING.
  3065 | D:4      | 3065 ||| FLEEEEING.
  3066 | D:4      | 3066 ||| FLEEEEING.
  3067 | D:4      | 3067 ||| FLEEEEING.
  3068 | D:4      | 3068 ||| FLEEEEING.
  3188 | D:4      | Reached skill level 8 in Ranged Weapons
  3444 | D:4      | 3444 ||| READING scroll labelled ULABBA NUATEAD.
  3445 | D:4      | 3445 ||| DRINKING 3 smoky purple potions.
  3446 | D:4      | 3446 ||| READING 2 scrolls of identify.
  3446 | D:4      | 3446 ||| IDENTIFYING coppery potion
  3447 | D:4      | 3447 ||| DROPPING potion of degeneration.
  3487 | D:5      | Entered Level 5 of the Dungeon
  3664 | D:5      | Reached XP level 8. HP: 26/49 MP: 8/8
  3934 | D:5      | Reached skill level 9 in Ranged Weapons
  4209 | D:5      | Reached skill level 6 in Fighting
  4389 | D:5      | 4389 ||| UPGRADING to +0 cloak.
  4394 | D:5      | 4394 ||| DROPPING amulet of the acrobat.
  4395 | D:5      | 4395 ||| READING scroll labelled BOECIOLAIQ.
  4396 | D:5      | 4396 ||| READING scroll labelled TEAPIHA IZIMMA.
  4397 | D:5      | 4397 ||| READING scroll labelled SUCWUS GEASK.
  4398 | D:5      | 4398 ||| DRINKING 2 viscous blue potions.
  4399 | D:5      | 4399 ||| DRINKING 2 red potions.
  4400 | D:5      | 4400 ||| DROPPING potion of enlightenment.
  4569 | D:6      | 4569 ||| Stepping ~*~*~tactically~*~*~ (outnumbered).
  4569 | D:6      | Noticed Edmund
  4580 | D:6      | Killed Edmund
  4581 | D:6      | Reached skill level 10 in Ranged Weapons
  4761 | D:6      | Reached XP level 9. HP: 56/56 MP: 9/9
  4763 | D:6      | Noticed Pikel
  4778 | D:6      | Killed Pikel
  4941 | D:6      | Noticed Maggie
  4961 | D:6      | Killed Maggie
  5243 | D:6      | Found a staircase to the Ecumenical Temple.
  5244 | D:6      | 5244 ||| PLANNING TEMPLE
  5245 | D:6      | 5245 ||| DRINKING 5 potions of curing.
  5245 | D:6      | 5245 ||| (to cure confusion)
  5250 | D:6      | Reached skill level 11 in Ranged Weapons
  5251 | D:6      | 5251 ||| DROPPING scarf of harm.
  5252 | D:6      | 5252 ||| UPGRADING to +2 leather armour of fire resistance.
  5262 | D:6      | 5262 ||| DROPPING +0 ring mail.
  5263 | D:6      | 5263 ||| DROPPING +0 robe of positive energy.
  5264 | D:6      | 5264 ||| READING scroll labelled OMIRCH ASACKOUM.
  5265 | D:6      | 5265 ||| DRINKING 2 viscous brown potions.
  5266 | D:6      | 5266 ||| DRINKING 2 brown potions.
  5371 | D:6      | 5371 ||| DROPPING potion of invisibility.
  5372 | D:6      | 5372 ||| DROPPING potion of berserk rage.
  5386 | Temple   | Entered the Ecumenical Temple
  5401 | Temple   | 5401 ||| PLANNING OKAWARU WORSHIP
  5609 | Temple   | Became a worshipper of Warmaster Okawaru
  5609 | Temple   | 5609 ||| PLANNING D:1-11
  5645 | D:6      | Noticed Blork the orc
  5650 | D:6      | Killed Blork the orc
  5727 | D:7      | Reached skill level 3 in Dodging
  5812 | D:7      | 5812 ||| READING 3 scrolls of enchant weapon.
  5812 | D:7      | 5812 ||| ENCHANTING +1 shortbow of draining.
  5813 | D:7      | 5813 ||| READING 2 scrolls of enchant weapon.
  5813 | D:7      | 5813 ||| ENCHANTING +2 shortbow of draining.
  5814 | D:7      | 5814 ||| READING scroll of enchant weapon.
  5814 | D:7      | 5814 ||| ENCHANTING +3 shortbow of draining.
  6124 | D:7      | Reached XP level 10. HP: 64/64 MP: 10/10
  6306 | D:7      | 6306 ||| DROPPING +1 robe of willpower.
  6307 | D:7      | 6307 ||| UPGRADING to ring of willpower.
  6308 | D:7      | 6308 ||| READING scroll labelled BUTEOPSOUHU.
  6309 | D:7      | 6309 ||| DRINKING 3 white potions.
  6397 | D:8      | Reached skill level 12 in Ranged Weapons
  6401 | D:8      | Reached * piety under Okawaru
  6427 | D:8      | 6427 ||| FLEEEEING.
  6428 | D:8      | 6428 ||| FLEEEEING.
  6441 | D:8      | 6441 ||| FLEEEEING.
  6451 | D:8      | Reached skill level 1 in Invocations
  6491 | D:8      | 6491 ||| SWAPPING to +0 orcbow.
  6492 | D:8      | 6492 ||| DROPPING +4 shortbow of draining.
  6536 | D:8      | Found a flagged portal.
  6553 | D:8      | 6553 ||| Stepping ~*~*~tactically~*~*~ (outnumbered).
  6650 | D:8      | Found a runed translucent gate.
  6651 | D:8      | Found a runed translucent gate.
  6651 | D:8      | Found a runed translucent gate.
  6653 | D:8      | Noticed qw's ghost (novice GrFi)
  6653 | D:8      | Noticed qw's ghost (novice GrHu)
  6823 | D:8      | Noticed Joseph
  6826 | D:8      | 6826 ||| FLEEEEING.
  6832 | D:8      | 6832 ||| FLEEEEING.
  6833 | D:8      | 6833 ||| FLEEEEING.
  6834 | D:8      | 6834 ||| FLEEEEING.
  6835 | D:8      | 6835 ||| FLEEEEING.
  6840 | D:8      | Killed Joseph
  6930 | D:8      | Reached skill level 3 in Invocations
  6968 | D:8      | 6968 ||| INVOKING Heroism.
  6969 | D:8      | Noticed Grum
  6990 | D:8      | 6990 ||| INVOKING Heroism.
  7006 | D:8      | HP: 10/64 [Grum/-2 glaive (9)]
  7007 | D:8      | 7007 ||| READING 2 scrolls of teleportation.
  7008 | D:8      | 7008 ||| DRINKING potion of heal wounds.
  7019 | D:8      | HP: 15/64 [something (3)]
  7058 | D:8      | 7058 ||| INVOKING Heroism.
  7220 | D:8      | 7220 ||| FLEEEEING.
  7221 | D:8      | 7221 ||| FLEEEEING.
  7222 | D:8      | 7222 ||| FLEEEEING.
  7223 | D:8      | 7223 ||| FLEEEEING.
  7224 | D:8      | 7224 ||| FLEEEEING.
  7225 | D:8      | 7225 ||| FLEEEEING.
  7226 | D:8      | 7226 ||| FLEEEEING.
  7227 | D:8      | 7227 ||| FLEEEEING.
  7228 | D:8      | 7228 ||| FLEEEEING.
  7229 | D:8      | 7229 ||| FLEEEEING.
  7230 | D:8      | 7230 ||| FLEEEEING.
  7310 | D:8      | 7310 ||| FLEEEEING.
  7311 | D:8      | 7311 ||| FLEEEEING.
  7312 | D:8      | 7312 ||| FLEEEEING.
  7313 | D:8      | 7313 ||| FLEEEEING.
  7314 | D:8      | 7314 ||| FLEEEEING.
  7315 | D:8      | 7315 ||| FLEEEEING.
  7316 | D:8      | 7316 ||| FLEEEEING.
  7317 | D:8      | 7317 ||| FLEEEEING.
  7318 | D:8      | 7318 ||| FLEEEEING.
  7319 | D:8      | 7319 ||| FLEEEEING.
  7320 | D:8      | 7320 ||| FLEEEEING.
  7321 | D:8      | 7321 ||| FLEEEEING.
  7323 | D:8      | 7323 ||| FLEEEEING.
  7324 | D:8      | 7324 ||| FLEEEEING.
  7325 | D:8      | 7325 ||| FLEEEEING.
  7326 | D:8      | 7326 ||| FLEEEEING.
  7327 | D:8      | 7327 ||| FLEEEEING.
  7328 | D:8      | 7328 ||| FLEEEEING.
  7329 | D:8      | 7329 ||| FLEEEEING.
  7331 | D:8      | 7331 ||| FLEEEEING.
  7332 | D:8      | 7332 ||| FLEEEEING.
  7333 | D:8      | 7333 ||| FLEEEEING.
  7335 | D:8      | 7335 ||| FLEEEEING.
  7336 | D:8      | 7336 ||| FLEEEEING.
  7337 | D:8      | 7337 ||| FLEEEEING.
  7338 | D:8      | 7338 ||| FLEEEEING.
  7339 | D:8      | 7339 ||| FLEEEEING.
  7340 | D:8      | 7340 ||| FLEEEEING.
  7341 | D:8      | 7341 ||| INVOKING Heroism.
  7510 | D:8      | 7510 ||| INVOKING Heroism.
  7520 | D:8      | Killed Grum
  7533 | D:8      | Found a broken altar of Ashenzari.
  7534 | D:8      | Found an ornate altar of the Wu Jian Council.
  7534 | D:8      | Found a stormy altar of Qazlal.
  7557 | D:8      | Found a white marble altar of Elyvilon.
  7559 | D:8      | Found a blossoming altar of Fedhas.
  7713 | D:8      | 7713 ||| DROPPING +0 robe of cold resistance.
  7714 | D:8      | 7714 ||| DRINKING 3 smoky puce potions.
  7715 | D:8      | 7715 ||| READING 3 scrolls of identify.
  7715 | D:8      | 7715 ||| IDENTIFYING green potion
  7716 | D:8      | 7716 ||| READING 2 scrolls of identify.
  7716 | D:8      | 7716 ||| IDENTIFYING murky clear potion
  7717 | D:8      | 7717 ||| DROPPING potion of ambrosia.
  7779 | D:9      | 7779 ||| FLEEEEING.
  7781 | D:9      | 7781 ||| FLEEEEING.
  7782 | D:9      | 7782 ||| FLEEEEING.
  7783 | D:9      | 7783 ||| FLEEEEING.
  7784 | D:9      | 7784 ||| FLEEEEING.
  7785 | D:9      | 7785 ||| FLEEEEING.
  7786 | D:9      | 7786 ||| FLEEEEING.
  7788 | D:9      | 7788 ||| FLEEEEING.
  7789 | D:9      | 7789 ||| FLEEEEING.
  7790 | D:9      | 7790 ||| FLEEEEING.
  7791 | D:9      | 7791 ||| FLEEEEING.
  7792 | D:9      | 7792 ||| FLEEEEING.
  7793 | D:9      | 7793 ||| FLEEEEING.
  7794 | D:9      | 7794 ||| FLEEEEING.
  7795 | D:9      | 7795 ||| INVOKING Heroism.
  7835 | D:9      | 7835 ||| INVOKING Heroism.
  7993 | D:9      | Found a staircase to the Lair.
  8033 | D:9      | Reached skill level 13 in Ranged Weapons
  8125 | D:9      | 8125 ||| INVOKING Heroism.
  8164 | D:9      | 8164 ||| INVOKING Heroism.
  8282 | D:9      | 8282 ||| Stepping ~*~*~tactically~*~*~ (outnumbered).
  8292 | D:9      | HP: 11/65 [wight/+5 halberd (7)]
  8293 | D:9      | 8293 ||| READING 3 scrolls of teleportation.
  8293 | D:9      | HP: 3/65 [wight/iceblast (9)]
  8294 | D:9      | 8294 ||| DRINKING potion of heal wounds.
  8297 | D:9      | 8297 ||| FLEEEEING.
  8298 | D:9      | 8298 ||| FLEEEEING.
  8299 | D:9      | 8299 ||| FLEEEEING.
  8300 | D:9      | 8300 ||| FLEEEEING.
  8301 | D:9      | 8301 ||| FLEEEEING.
  8302 | D:9      | 8302 ||| FLEEEEING.
  8303 | D:9      | 8303 ||| FLEEEEING.
  8304 | D:9      | 8304 ||| FLEEEEING.
  8305 | D:9      | 8305 ||| FLEEEEING.
  8309 | D:9      | 8309 ||| FLEEEEING.
  8313 | D:9      | 8313 ||| FLEEEEING.
  8314 | D:9      | 8314 ||| FLEEEEING.
  8315 | D:9      | 8315 ||| FLEEEEING.
  8316 | D:9      | 8316 ||| FLEEEEING.
  8317 | D:9      | 8317 ||| FLEEEEING.
  8318 | D:9      | 8318 ||| FLEEEEING.
  8319 | D:9      | 8319 ||| FLEEEEING.
  8320 | D:9      | 8320 ||| FLEEEEING.
  8321 | D:9      | 8321 ||| FLEEEEING.
  8322 | D:9      | 8322 ||| FLEEEEING.
  8323 | D:9      | 8323 ||| FLEEEEING.
  8324 | D:9      | 8324 ||| FLEEEEING.
  8328 | D:9      | 8328 ||| FLEEEEING.
  8329 | D:9      | 8329 ||| FLEEEEING.
  8330 | D:9      | 8330 ||| FLEEEEING.
  8331 | D:9      | 8331 ||| FLEEEEING.
  8332 | D:9      | 8332 ||| FLEEEEING.
  8333 | D:9      | 8333 ||| FLEEEEING.
  8338 | D:9      | 8338 ||| FLEEEEING.
  8339 | D:9      | 8339 ||| FLEEEEING.
  8343 | D:9      | 8343 ||| STAIRDANCE
  8492 | D:9      | Reached skill level 9 in Fighting
  8497 | D:9      | 8497 ||| STAIRDANCE
  8739 | D:9      | 8739 ||| FLEEEEING.
  8740 | D:9      | 8740 ||| FLEEEEING.
  8741 | D:9      | 8741 ||| FLEEEEING.
  8742 | D:9      | 8742 ||| FLEEEEING.
  8743 | D:9      | 8743 ||| FLEEEEING.
  8744 | D:9      | 8744 ||| FLEEEEING.
  8745 | D:9      | 8745 ||| FLEEEEING.
  8746 | D:9      | 8746 ||| FLEEEEING.
  8747 | D:9      | 8747 ||| FLEEEEING.
  8748 | D:9      | 8748 ||| FLEEEEING.
  8749 | D:9      | 8749 ||| FLEEEEING.
  8750 | D:9      | 8750 ||| FLEEEEING.
  8751 | D:9      | 8751 ||| FLEEEEING.
  8752 | D:9      | 8752 ||| FLEEEEING.
  8868 | D:9      | 8868 ||| PLANNING LAIR
  8877 | Lair:1   | Entered Level 1 of the Lair of Beasts
  8877 | Lair:1   | Noticed a torpor snail
  8877 | Lair:1   | Noticed a death yak
  8877 | Lair:1   | Noticed a death yak
  8880 | Lair:1   | 8880 ||| STAIRDANCE
  8890 | D:9      | HP: 10/66 [death yak[a torpor snail] (23)]
  8891 | D:9      | 8891 ||| READING 2 scrolls of teleportation.
  8915 | D:9      | HP: 10/66 [torpor snail (8)]
  8916 | D:9      | 8916 ||| READING scroll of teleportation.
  9136 | D:9      | HP: 3/66 [death yak[a torpor snail] (22)]
  9139 | D:9      | Killed a death yak
  9140 | D:9      | Reached XP level 11. HP: 5/71 MP: 14/14
  9146 | D:9      | HP: 4/71 [torpor snail (3)]
  9151 | D:9      | Slain by a torpor snail

Levels and vault maps discovered:
D:1:      tekkud_arrival_beachfront_property, layout_basic, serial_shops,
          nicolae_square_shop
D:2:      layout_basic, basic_altar
D:3:      layout_loops_corners, minivault_24, lightli_corner_chamber
D:4:      layout_layer_cave, amcnicky_altar_gilded, minmay_vboxes
D:5:      layout_loops_ring
D:6:      layout_loops_ring, minmay_temple_entry_overgrown, dk_vineyard_1,
          uniq_maggie, uniq_pikel, uniq_edmund, uniq_blork_the_orc
D:7:      layout_basic, wad_floor_pattern_1
D:8:      layout_loops_ring, minmay_overflow_temple_star_hex,
          gammafunk_ghost_cemetery, enter_bailey_2, st_stairs_11, uniq_joseph,
          uniq_grum
D:9:      layout_loops_ring, lair_entry_dummy
Temple:   eino_temple_scatter_basement
Lair:1:   layout_regular_city, grunt_megastairs_4, lemuel_fruit_tree

Skill      XL: |  1  2  3  4  5  6  7  8  9 10 |
---------------+-------------------------------+-----
Ranged Weapons | 5 6 7 8 10 11 13 | 13.5
Fighting       | 3 4 5 6 8 9 |  9.0
Armour         | 1 2 |  2.1
Dodging        | 2 3 4 |  4.0
Invocations    | 4 |  4.0
Stealth        | |  1.1

Action                     |  1- 3 |  4- 6 |  7- 9 | 10-12 || total
---------------------------+-------+-------+-------+-------++-------
   Fire: Shortbow          |    92 |   174 |   426 |    56 ||   748
         Orcbow            |       |       |       |   389 ||   389
 Invoke: Heroism           |       |       |       |     9 ||     9
    Use: Scroll            |     3 |     2 |     9 |     7 ||    21
         Potion            |     1 |       |     7 |     4 ||    12
 Armour: Leather armour    |    22 |       |     4 |    53 ||    79
         Ring mail         |     5 |    48 |    61 |       ||   114
  Dodge: Dodged            |    26 |   107 |   130 |   233 ||   496
  Block: Other             |       |    34 |    47 |    56 ||   137
         Reflection        |       |       |     1 |     3 ||     4

Table legend:
 A = Non-vault XP
 B = Vault XP
 C = Vault XP percentage of total XP
 D = Non-vault monster count
 E = Vault monster count
 F = Vault count percentage of total count
                 A         B        C        D         E       F
            +---------+---------+-------+---------+---------+-------
      Total |    6984 |    2732 |  28.1 |     208 |      20 |   8.8
            +---------+---------+-------+---------+---------+-------
        D:1 |      56 |       0 |   0.0 |      25 |       0 |   0.0
        D:2 |      21 |       0 |   0.0 |      10 |       0 |   0.0
        D:3 |     162 |       0 |   0.0 |      16 |       0 |   0.0
        D:4 |     641 |      48 |   7.0 |      32 |       8 |  20.0
        D:5 |     884 |       0 |   0.0 |      15 |       0 |   0.0
        D:6 |     795 |    1289 |  61.9 |      18 |       4 |  18.2
        D:7 |     879 |       0 |   0.0 |      18 |       0 |   0.0
        D:8 |    1443 |    1395 |  49.2 |      42 |       8 |  16.0
        D:9 |    2103 |       0 |   0.0 |      32 |       0 |   0.0
            +---------+---------+-------+---------+---------+-------
